 Dungeon Crawl Stone Soup version 0.31-a0-844-gdc52ec4e09 (webtiles) character file.

Game seed: 5204019023832190019

199 pokeman the Magician (level 5, -9/29 HPs)
             Began as a Deep Elf Hedge Wizard on Sept 28, 2023.
             Killed by divine providence
             ... invoked by an orc priest
              (12 damage)
             ... on level 3 of the Dungeon.
             The game lasted 00:03:43 (2935 turns).

pokeman the Magician (Deep Elf Hedge Wizard)        Turns: 2935, Time: 00:03:44

Health: -9/29      AC:  2    Str:  7    XL:     5   Next: 48%
Magic:  6/15       EV: 13    Int: 21    God:
Gold:   142        SH:  0    Dex: 14    Spells: 8/16 levels left

rFire   + . .        p - +0 dagger (venom)
rCold   . . .        (no shield)
rNeg    . . .        b - +0 robe
rPois   .            c - +0 hat
rElec   .            (no cloak)
rCorr   .            (no gloves)
SInv    .            (no boots)
Will    .....        (no amulet)
Stlth   ++           m - ring of protection from fire
HPRegen 0.24/turn    (no ring)
MPRegen 0.14/turn

%: no passive effects
@: on blink cooldown
A: no striking features
a: no special abilities


You were on level 3 of the Dungeon.
You visited 1 branch of the dungeon, and saw 4 of its levels.

You collected 142 gold pieces.

Inventory:

Hand Weapons
 p - a +0 dagger of venom (weapon)
Armour
 b - a +0 robe (worn)
 c - a +0 hat (worn)
Jewellery
 m - a ring of protection from fire (left hand)
Scrolls
 a - a scroll of noise {unknown}
 e - a scroll of fog {unknown}
 g - a scroll of immolation {unknown}
 h - 2 scrolls of teleportation {unknown}
 j - a scroll of brand weapon {unknown}
 o - a scroll of identify {unknown}
 q - a scroll of amnesia {unknown}
Potions
 d - a potion of magic
 f - 3 potions of attraction {unknown}
 i - 2 potions of mutation {unknown}
 k - a potion of might {unknown}
 l - a potion of lignification {unknown}
 n - a potion of invisibility {unknown}
 r - a potion of heal wounds {unknown}


   Skills:
 - Level 1.0 Fighting
 - Level 1.0 Armour
 - Level 3.0 Dodging
 - Level 3.2 Stealth
 * Level 6.3 Spellcasting
 + Level 2.6 Conjurations
 - Level 1.1 Summonings
 - Level 1.1 Translocations
 + Level 0.5 Air Magic
 + Level 0.7 Poison Magic


You had 8 spell levels left.
You knew the following spells:

 Your Spells              Type           Power      Damage    Failure   Level
a - Magic Dart            Conj           68%        1d6       3%          1
b - Mephitic Cloud        Conj/Pois/Air  12%        N/A       17%         3
c - Call Imp              Summ           22%        N/A       9%          2
d - Blink                 Tloc           22%        N/A       9%          2

Your spell library contained the following spells:

 Spells                   Type           Power      Damage    Failure   Level
 Slow                     Hex            24%        N/A       10%         1
 Cigotuvi's Dreadful Rot  Necr/Pois/Air  16%        N/A       12%         2


Dungeon Overview and Level Annotations

Branches:
Dungeon (4/15)
 Temple: D:4-7

Altars:
Ashenzari


Message History

You are confused.
You hear a shout! x2
The orc priest is engulfed in noxious fumes.
The orc is engulfed in noxious fumes.
The orc appears confused.
The orc hits you with a +0 mace.
* * * LOW HITPOINT WARNING * * *
Unknown command.
Unknown command.
You bump into the rock wall.
You are engulfed in noxious fumes.
You choke on the stench!
You are more confused.
The orc is engulfed in noxious fumes.
The orc appears confused.
Unknown command.
The orc priest hits you with a +0 falchion!
* * * LOW HITPOINT WARNING * * *
Unknown command.
You bump into the rock wall.
You hit the orc priest but do no damage.
The orc priest is poisoned.
You feel less confused.
You hit the orc.
The orc is heavily wounded.
The orc is engulfed in noxious fumes.
The orc appears confused.
You hit the orc priest.
The orc priest looks even sicker.
The orc priest is lightly wounded.
The orc priest seems less confused.
The orc priest completely misses you.
Casting: Mephitic Cloud (quite dangerous; 17% risk of failure)
Confirm with . or Enter, or press ? or * to list all spells.
You blink.
Unknown command.
Casting: Blink (safe; 9% risk of failure)
Confirm with . or Enter, or press ? or * to list all spells.
Aiming: Mephitic Cloud (quite dangerous; 17% risk of failure)
Press: ? - help, Shift-Dir - straight line The ball explodes into a vile cloud!
The stinking cloud engulfs the orc but does no damage.
The orc is heavily wounded.
The orc priest mumbles some strange prayers to Beogh against you.
Beogh smites you!
You die...

#. #. #.# .. #. ##.#######
##...##.)○## ...
#...@...○oo# .....
#.......☼○☼..# .....
###............#.# .....#
............>...#.#
.....###.####..........##.#
........
##?..##...###.#####
.#.....##### ##########
#.#... ..>.#..))..######
#... ..#.#.†..#......##
####.#


You could see an orc priest (very poisoned) and an orc (confused).

Vanquished Creatures
  An orc priest (D:3)
  An orc wizard (D:3)
  3 gnolls (D:3)
  4 adders
  2 worms
  A dart slug (D:3)
  An orc (D:3)
  7 ball pythons
  4 endoplasms
  A giant cockroach (D:1)
  7 goblins
  7 hobgoblins
  9 jackals
  3 kobolds
  4 quokkas
  5 bats
  2 frilled lizards
  A rat (D:2)
63 creatures vanquished.

Vanquished Creatures (collateral kills)
  A ball python (D:3)
  A goblin (D:3)
  A jackal (D:3)
3 creatures vanquished.

Grand Total: 66 creatures vanquished

Notes
Turn   | Place    | Note
-------+----------+-------------------------------------------
     0 | D:1      | pokeman the Deep Elf Hedge Wizard began the quest for the
                  | Orb.
     0 | D:1      | Reached XP level 1. HP: 10/10 MP: 7/7
   456 | D:1      | Reached XP level 2. HP: 15/15 MP: 3/9
  1099 | D:1      | Reached skill level 5 in Spellcasting
  1244 | D:1      | Reached XP level 3. HP: 20/20 MP: 6/11
  1248 | D:1      | Learned a level 3 spell: Mephitic Cloud
  1251 | D:1      | Learned a level 2 spell: Call Imp
  1254 | D:1      | Learned a level 2 spell: Blink
  1579 | D:2      | Found a broken altar of Ashenzari.
  1589 | D:2      | Reached skill level 1 in Fighting
  1589 | D:2      | Reached skill level 1 in Armour
  2293 | D:3      | Reached XP level 4. HP: 25/25 MP: 1/13
  2526 | D:3      | Reached skill level 6 in Spellcasting
  2526 | D:3      | Reached XP level 5. HP: 26/29 MP: 6/15
  2812 | D:3      | You fall into a shaft and drop 1 floor!
  2935 | D:3      | Killed from afar by an orc priest

Illustrated notes

Levels and vault maps discovered:
D:1:      nicolae_arrival_somewhat_less_tricky_arrival, layout_loops_cross
D:2:      layout_loops_ring, basic_altar
D:3:      layout_rooms
D:4:      layout_rooms, minmay_temple_entry_large_hall

Skill      XL: |  1  2  3  4 |
---------------+-------------+-----
Spellcasting   | 5 6 |  6.3
Fighting       | 1 |  1.0
Armour         | 1 |  1.0
Conjurations   | 2 |  2.6
Dodging        | 3 |  3.0
Stealth        | 3 |  3.2
Summonings     | |  1.1
Translocations | |  1.1
Air Magic      | |  0.5
Poison Magic   | |  0.7

Action                     |  1- 3 |  4- 6 || total
---------------------------+-------+-------++-------
  Melee: Dagger            |    17 |    20 ||    37
   Cast: Magic Dart        |   113 |    51 ||   164
         Call Imp          |     1 |     1 ||     2
         Mephitic Cloud    |       |     5 ||     5
         Blink             |       |     1 ||     1
   Stab: Confused          |       |     1 ||     1
 Armour: Robe              |    19 |    20 ||    39
  Dodge: Dodged            |    18 |    28 ||    46

Table legend: (Time is in decaauts)
 A = Elapsed time spent in this place.
 B = Non-inter-level travel time spent in this place.
 C = Inter-level travel time spent in this place.
 D = Time resting spent in this place.
 E = Time spent auto-exploring this place.
 F = Levels seen in this place.
 G = Mean time per level.
                   A        B        C        D        E       F      G
               +--------+--------+--------+--------+--------+-----+--------+
         Total |   2933 |   2853 |     80 |    149 |   2360 |   4 |  733.2 |
       Dungeon |   2933 |   2853 |     80 |    149 |   2360 |   4 |  733.2 |
               +--------+--------+--------+--------+--------+-----+--------+

Top non-repeatable levels by time:
     D:1: 1378 daAuts
     D:2: 970 daAuts
     D:3: 489 daAuts
     D:4: 94 daAuts
